 Dungeon Crawl Stone Soup version 0.21-a0-265-gb353147 (webtiles) character file.

722 SQman the Poker (level 7, 0/46 HPs)
             Began as a Demonspawn Gladiator on Sept 12, 2017.
             Was a Follower of Hepliaklqana.
             Killed by nerve-wracking pain
             ... invoked by an orc priest
              (4 damage)
             ... on level 4 of the Dungeon.
             The game lasted 00:21:54 (3553 turns).

SQman the Poker (Demonspawn Gladiator)              Turns: 3553, Time: 00:21:54

Health: 0/46       AC: 10    Str: 17    XL:     7   Next: 43%
Magic:  7/7        EV: 13    Int:  9    God:    Hepliaklqana [*.....]
Gold:   176        SH:  0    Dex: 14    Spells: 6/6 levels left

rFire    + . .     SeeInvis .   a - +1 trident
rCold    . . .     Gourm    .   (no shield)
rNeg     . . .     Faith    .   u - +0 ring mail
rPois    .         Spirit   .   c - +1 helmet
rElec    .         Reflect  .   (no cloak)
rCorr    .         Harm     .   j - +0 pair of gloves
MR       .....                  (no boots)
Stlth    +.........             (no amulet)
HPRegen  0.15/turn              e - ring of fire
MPRegen  0.10/turn              (no ring)

@: no status effects
A: reduced essence, yellow scales 1, cold resistance 1, freezing cloud immunity
a: Recall Ancestor, Ancestor Identity, Renounce Religion


You were on level 4 of the Dungeon.
You worshipped Hepliaklqana.
Hepliaklqana was aware of your devotion.
You were not hungry.

You visited 1 branch of the dungeon, and saw 4 of its levels.
You also visited: Sewer.

You collected 176 gold pieces.

Inventory:

Hand Weapons
 a - a +1 trident (weapon)
 r - a -2 trident
Missiles
 d - 3 throwing nets (quivered)
Armour
 b - a +0 leather armour
 c - a +1 helmet (worn)
 j - a +0 pair of gloves (worn)
 p - a +0 leather armour
 u - a +0 ring mail (worn)
Jewellery
 e - a ring of fire (left hand)
 t - a cursed amulet of inaccuracy
Scrolls
 h - 2 scrolls of magic mapping
 i - a scroll of remove curse
 m - a scroll of amnesia
 q - 2 scrolls of teleportation
 w - 2 scrolls of identify
Potions
 k - 2 potions of agility
 s - 5 potions of curing
 v - 2 potions of brilliance
Comestibles
 f - 4 bread rations
 g - 5 chunks of flesh
 l - 2 royal jellies
 n - a meat ration


   Skills:
 + Level 3.6 Fighting
 + Level 5.9 Polearms
 + Level 2.0 Throwing
 + Level 2.5 Armour
 + Level 4.0 Dodging
 + Level 1.3 Stealth


You had 6 spell levels left.
You didn't know any spells.

Dungeon Overview and Level Annotations

Branches:
Dungeon (4/15)
 Temple: D:4-7

Altars:
Ashenzari
Hepliaklqana
Trog


Innate Abilities, Weirdness & Mutations

You are partially covered in yellow scales. (AC +2)
Your flesh is cold resistant. (rC+)
You are immune to freezing clouds.
Your life essence is reduced to manifest your ancestor. (-10% HP)


Message History

You hit the orc.
You kill the orc!
You miss something. Something hits you but does no damage.
You hit something. Something hits you but does no damage.
You closely miss something. Something hits you but does no damage.
You hit something. Something hits you but does no damage.
The orc priest begins to cast a cantrip, but forgets the words!
You miss something. Something hits you but does no damage.
The orc priest mumbles some strange prayers to Beogh against you.
You puncture something!
Reactivating autopickup.
You feel a bit more experienced.
The orc priest invokes the aid of Beogh against you.
Beogh smites you!
* * * LOW HITPOINT WARNING * * *
You hit the orc priest.
The orc priest is moderately wounded.
The orc priest mumbles some strange prayers to Beogh against you.
Pain shoots through your body!
You die...

#### #..
#.# #<#
#.# #.#
#.###.#.#
#R@o.o..#
#####.###


You could see the friendly Laslo the ancestor and 2 orc priests.

Vanquished Creatures
  The ghost of MirrMurr the Poker, an amateur HOBe of Trog (D:3)
  2 big kobolds (Sewer)
  An orc priest (D:4)
  Jessica (D:2)
  An orc wizard (D:4)
  A hound skeleton (D:3)
  4 river rats (Sewer)
  5 adders
  An ooze (D:2)
  3 worms
  2 dart slugs (D:1)
  A leopard gecko (D:3)
  4 orcs
  10 bats
  4 giant cockroaches
  9 hobgoblins
  2 quokkas
  6 ball pythons
  4 frilled lizards
  7 goblins
  17 kobolds
  14 rats
100 creatures vanquished.

Vanquished Creatures (collateral kills)
  2 adders
  4 river rats (Sewer)
  2 worms (D:3)
  A quokka (D:3)
  A ball python (Sewer)
  7 kobolds (Sewer)
  13 rats
30 creatures vanquished.

Vanquished Creatures (others)
  An ancestor (D:3)
1 creature vanquished.

Grand Total: 131 creatures vanquished

Notes
Turn   | Place    | Note
-------+----------+-------------------------------------------
     0 | D:1      | SQman the Demonspawn Gladiator began the quest for the Orb.
     0 | D:1      | Reached XP level 1. HP: 16/16 MP: 1/1
   119 | D:1      | Reached skill level 3 in Polearms
   120 | D:1      | Gained mutation: Your flesh is cold resistant. (rC+) [demonic ancestry]
   120 | D:1      | Reached XP level 2. HP: 13/22 MP: 2/2
   651 | D:1      | Reached XP level 3. HP: 25/27 MP: 3/3
  1098 | D:2      | Reached skill level 1 in Armour
  1562 | D:2      | Gained mutation: You are immune to freezing clouds. [demonic ancestry]
  1562 | D:2      | Reached XP level 4. HP: 20/34 MP: 4/4
  1571 | D:2      | Noticed Jessica
  1576 | D:2      | Killed Jessica
  1818 | D:3      | Found a shattered altar of Ashenzari.
  1895 | D:3      | Found a hazy altar of Hepliaklqana.
  1903 | D:3      | Became a worshipper of Hepliaklqana the Forgotten
  2007 | D:3      | Reached XP level 5. HP: 20/35 MP: 5/5
  2026 | D:3      | Found a glowing drain.
  2109 | Sewer    | Entered a sewer
  2130 | Sewer    | Reached skill level 4 in Polearms
  2535 | Sewer    | Gained mutation: You are partially covered in yellow scales. (AC +2) [demonic ancestry]
  2535 | Sewer    | Reached XP level 6. HP: 31/41 MP: 6/6
  2754 | Sewer    | Reached skill level 5 in Polearms
  2754 | Sewer    | Reached skill level 1 in Stealth
  3025 | D:3      | Reached * piety under Hepliaklqana
  3047 | D:3      | Noticed MirrMurr's ghost (amateur HOBe)
  3124 | D:3      | HP: 1/42 [MirrMurr's ghost (5)]
  3129 | D:3      | Killed MirrMurr's ghost
  3129 | D:3      | Reached XP level 7. HP: 16/46 MP: 7/7
  3449 | D:3      | Noticed a moth of wrath
  3452 | D:3      | Found a bloodstained altar of Trog.
  3553 | D:4      | Killed from afar by an orc priest

Vault maps used:
D:1:      minmay_arrival_loop
D:2:      first_bread, uniq_jessica
D:3:      ashenzari_altar_1, lemuel_coloured_pillars_altar, tgw_trog,
          portal_sewer_entry_a
D:4:      kennysheep_little_box, led_sif_book, minmay_misc_feat_chi
Sewer:    sewer_minmay_treatment

Skill      XL: |  1  2  3  4  5  6  7 |
---------------+----------------------+-----
Polearms       | 3 4 5 |  5.9
Throwing       | 2 |  2.0
Dodging        | 3 4 |  4.0
Armour         | 1 2 |  2.5
Fighting       | 3 |  3.6
Stealth        | 1 |  1.3

Action                   |  1- 3 |  4- 6 |  7- 9 || total
-------------------------+-------+-------+-------++-------
Melee: Trident           |   157 |   227 |    30 ||   414
Invok: Ancestor Identity |       |     1 |       ||     1
  Use: Scroll            |     7 |     6 |       ||    13
       Potion            |     2 |     7 |       ||     9
 Stab: Distracted        |       |     1 |       ||     1
  Eat: Chunk             |     2 |     5 |     2 ||     9
Armor: Leather armour    |    50 |    50 |       ||   100
       Ring mail         |       |    10 |    11 ||    21
Dodge: Dodged            |   127 |   172 |     9 ||   308

Table legend:
 A = Spawn XP
 B = Non-spawn XP
 C = Spawn XP percentage of total XP
 D = Spawn monster count
 E = Non-spawn monster count
 F = Spawn count percentage of total count
 G = Total turns spent on level
                    A         B        C        D         E        F      G
               +---------+---------+-------+---------+---------+-------+---------
         Total |       0 |    1032 |   0.0 |       0 |     130 |   0.0 |  3553
               +---------+---------+-------+---------+---------+-------+---------
           D:1 |       0 |      43 |   0.0 |       0 |      24 |   0.0 |   830
           D:2 |       0 |     100 |   0.0 |       0 |      21 |   0.0 |   928
           D:3 |       0 |     423 |   0.0 |       0 |      34 |   0.0 |   946
           D:4 |       0 |      70 |   0.0 |       0 |       3 |   0.0 |    21
         Sewer |       0 |     396 |   0.0 |       0 |      48 |   0.0 |   828
               +---------+---------+-------+---------+---------+-------+---------
